 Dungeon Crawl Stone Soup version 0.18.1-48-g4cf74bf (webtiles) character file.

462728 lorenzova the Imperceptible (level 23, -8/93 HPs)
             Began as a Spriggan Enchanter on Aug 1, 2016.
             Was the Champion of Dithmenos.
             Killed from afar by a deep troll earth mage (31 damage)
             ... with a blast of crystal shards
             ... summoned by a hell knight
             ... on level 2 of the Depths on Aug 2, 2016.
             The game lasted 04:20:52 (65356 turns).

lorenzova the Imperceptible (Spriggan Enchanter)   Turns: 65356, Time: 04:20:53

Health: -8/93      AC:  3    Str: 11    XL:     23   Next: 10%
Magic:  0/44       EV: 38    Int: 22    God:    Dithmenos [******]
Gold:   4315       SH:  9    Dex: 21    Spells: 13 memorised, 12 levels left

rFire  + . .     SeeInvis +     o - +9 quick blade (elec)
rCold  + . .     Gourm    .     A - +2 robe {rF+}
rNeg   + . .     Faith    .     l - +3 buckler {reflect}
rPois  +         Spirit   +     Y - +2 hat {Spirit}
rElec  +         Dismiss  .     y - +0 cloak of Temperance {*Contam rElec MR++ SInv} (curse)
rCorr  .         Reflect  +     (gloves unavailable)
SustAt .         Harm     .     (boots unavailable)
MR     +++++     Clarity  +     b - amulet of regeneration
Stlth  ++++++++++               Q - ring of Xiuhuokk {rC+ rN+ Str+3}
                                x - ring of Kuleic {*Corrode +Fly rPois Int+4 Slay+6}

@: corroded, wreathed by umbra, repel missiles, very quick, almost entirely
resistant to hostile enchantments, uncannily stealthy
A: unfitting armour, see invisible, clarity, herbivore 3, speed 3, slow
metabolism 2
a: Shadow Step, Shadow Form, Renounce Religion, Evoke Flight
}: 3/15 runes: decaying, silver, gossamer


You were on level 2 of the Depths.
You worshipped Dithmenos.
Dithmenos was exalted by your worship.
You were not hungry.

You visited 10 branches of the dungeon, and saw 47 of its levels.
You also visited: Ossuary, Ice Cave and Wizlab.

You collected 6457 gold pieces.
You spent 2142 gold pieces at shops.

Inventory:

Hand Weapons
 o - a +9 quick blade of electrocution (weapon)
 H - a +2 dagger of holy wrath
Armour
 d - a +2 robe of positive energy
 l - a +3 buckler of reflection (worn)
 y - the cursed +0 cloak of Temperance (worn) {*Contam rElec MR++ SInv}
   (You bought it in a shop on level 2 of the Orcish Mines)

   It insulates you from electricity.
   It affects your resistance to hostile enchantments.
   It lets you see invisible.
   It causes magical contamination when unequipped.
   It has a curse placed upon it.
 A - a +2 robe of fire resistance (worn)
 L - a +2 robe of cold resistance
 R - a +2 robe of the Archmagi
 Y - a +2 hat of spirit shield (worn)
Jewellery
 b - an amulet of regeneration (around neck)
 j - a +3 ring of strength
 x - the ring of Kuleic (left hand) {*Corrode +Fly rPois Int+4 Slay+6}
   (You found it on level 4 of the Dungeon)

   [ring of flight]

   It affects your intelligence (+4).
   It affects your accuracy and damage with ranged weapons and melee attacks
   (+6).
   It protects you from poison.
   It lets you fly.
   It may corrode you when you take damage.
 C - an uncursed ring of resist corrosion
 Q - the ring of Xiuhuokk (right hand) {rC+ rN+ Str+3}
   (You found it on level 3 of the Elven Halls)

   [ring of positive energy]

   It affects your strength (+3).
   It protects you from cold.
   It protects you from negative energy.
 V - the ring of the Imp {Wiz *Confuse rC++ rN++}
   (You took it off a deep elf death mage on level 3 of the Elven Halls)

   [ring of wizardry]

   It improves your spell success rate.
   It greatly protects you from cold.
   It greatly protects you from negative energy.
   It may confuse you when you take damage.
Wands
 g - a wand of teleportation (9/9)
 h - a wand of disintegration (19/24)
 m - a wand of digging (15/24)
 q - a wand of hasting (5/9)
 s - a wand of slowing (22/48)
 T - a wand of acid (9/15)
Scrolls
 c - 12 scrolls of identify
 e - 2 scrolls of enchant weapon
 i - 8 scrolls of amnesia
 k - 22 scrolls of teleportation
 n - 8 scrolls of enchant armour
 u - 7 scrolls of recharging
 B - 7 scrolls of blinking
 F - 12 scrolls of magic mapping
 I - 14 scrolls of remove curse
 K - 10 scrolls of fog
 O - 6 scrolls of fear
 P - a scroll of brand weapon
 U - a scroll of vulnerability
 X - a scroll of holy word
 Z - a scroll of summoning
Potions
 a - 18 potions of curing
 f - 3 potions of agility
 p - 13 potions of haste
 r - 2 potions of cure mutation
 t - 2 potions of heal wounds
 v - 2 potions of invisibility
 w - 6 potions of resistance
 z - 7 potions of flight
 E - 6 potions of magic
 J - a potion of ambrosia
 M - 4 potions of berserk rage
 N - a potion of might
 S - a potion of cancellation
 W - 3 potions of brilliance
Books
 G - a book of the Tempests

   Spells                             Type                      Level
   a - Static Discharge               Conjuration/Air              3
   b - Lightning Bolt                 Conjuration/Air              5
   c - Fireball                       Conjuration/Fire             5
   d - Tornado                        Air                          9
   e - Shatter                        Earth                        9
Comestibles
 D - 10 bread rations


   Skills:
 - Level 16.7 Short Blades
 - Level 21.3 Dodging
 - Level 23.5 Stealth
 * Level 16.6 Spellcasting
 - Level 8.3 Conjurations
 - Level 14.5 Hexes
 * Level 6.6 Summonings
 - Level 11.9 Necromancy
 - Level 9.0 Translocations
 - Level 13.8 Transmutations
 - Level 9.8 Air Magic
 - Level 10.1 Poison Magic
 - Level 6.2 Invocations
 - Level 8.2 Evocations


You had 12 spell levels left.
You knew the following spells:

 Your Spells              Type           Power        Failure   Level  Hunger
a - Animate Skeleton      Necr           N/A          1%          1    None
b - Ensorcelled Hibernat  Hex/Ice        ######       1%          2    None
c - Confuse               Hex            ######..     1%          3    None
d - Blink                 Tloc           N/A          1%          2    None
e - Gell's Gravitas       Hex/Tloc       ######....   1%          3    None
f - Necromutation         Trmt/Necr      ######....   98%         8    #######
g - Corona                Hex            ######.      0%          1    None
h - Summon Lightning Spi  Summ/Air       ######..     1%          4    None
i - Invisibility          Hex            ######..     1%          6    ####...
j - Summon Mana Viper     Hex/Summ       ######..     1%          5    ##.....
m - Mephitic Cloud        Conj/Pois/Air  ######..     1%          3    None
r - Repel Missiles        Chrm/Air       #####.       1%          2    None
t - Teleport Other        Tloc           ######..     1%          3    None


Dungeon Overview and Level Annotations

Branches:
Dungeon (15/15)            Temple (1/1) D:6            Lair (8/8) D:11
  Swamp (4/4) Lair:5       Spider (4/4) Lair:3        Slime (1/6) Lair:8
    Orc (2/2) D:12            Elf (3/3) Orc:2        Vaults (5/5) D:14
  Crypt (0/3) Vaults:3     Depths (4/5) D:15

Altars:
Dithmenos
Elyvilon
Kikubaaqudgha
Nemelex Xobeh
Okawaru
Pakellas
Qazlal
Ru
Sif Muna
Trog
Vehumet
Xom
Zin

Shops:
D:5 ?   Orc:2 [}(*   Elf:2 [   Vaults:1 (   Vaults:5 *   Depths:2 (

Portals:
Hell: Depths:1* Depths:2 Depths:3
Abyss: Depths:3
Pandemonium: Depths:1
Ziggurat: Depths:1

Annotations:
Vaults:4 Sojobo
Depths:2 exclusion: orange crystal statue


Innate Abilities, Weirdness & Mutations

You are tiny and cannot use many weapons and most armour.
You have supernaturally acute eyesight.
You are a herbivore.
You cover ground extremely quickly.
You need consume almost no food.
You possess an exceptional clarity of mind.


Message History

The crystal wall shatters!
The blast of crystal shards hits you!
* * * LOW HITPOINT WARNING * * *
Your corrosive artefact corrodes you!
A centaur warrior comes into view. It is wielding a staff of power.
The deep troll earth mage casts a spell next to the hell knight.
Some rock shatters into small pieces.
The deep troll earth mage points at the crystal wall and mumbles some strange words.
The crystal wall shatters!
The blast of crystal shards hits you!
* * * LOW HITPOINT WARNING * * *
You emit a cloud of dark smoke.
The blast of crystal shards hits the centaur warrior.
The centaur warrior shouts!
The blast of crystal shards hits the vampire knight.
The vampire knight shouts!
Drink which item? (? for menu, Esc to quit)
You feel much better.
The centaur warrior wields a shortbow.
The centaur warrior shoots an arrow.
The arrow completely misses you.
The deep troll earth mage gestures at the crystal wall while chanting.
The crystal wall shatters!
The blast of crystal shards hits you!
You die...

...##.#####..##..################
..........#..#...#
......##.##...#..#
#......#.##%%##..#
###.......#..Z...#
.####...#.#..##..#
...##...#.#...#§§#
...##.(##.#..#§§§##.....V8......
...##..##.#...#§@§# ...[V.G....
#..##..##.#..#.§§§§....GR.....
#####..##.#...#§§§.#.c....... .#
#.....#..#....## V..[V..
.####..##.#..##....# ....
###.......#.....R...## #.#
#.......###..##(Cp#..####'#
........# #..#...TGTT.....#
......### #...#...T.....#§# #


You could see a vampire knight, 2 great orbs of eyes, an ettin, a rakshasa, a
hell knight, a centaur warrior, a deep troll and 2 deep troll earth magi.

Vanquished Creatures
  Boris (Depths:3)
  A golden dragon (Vaults:5)
  Jory (Vaults:3)
  4 tentacled monstrosities
  Rupert (Lair:8)
  2 deep elf blademasters (Elf:3)
  3 titans (Vaults:5)
  2 deep elf master archers (Elf:3)
  An acid blob (Slime:1)
  2 sphinxes
  2 quicksilver dragons (Vaults:5)
  2 shadow dragons (Vaults:5)
  Gastronok (D:9)
  Kirke (Lair:7)
  Agnes (Spider:1)
  2 ancient champions (WizLab)
  3 storm dragons
  10 tengu reavers
  4 thorn hunters
  8 frost giants
  The ghost of Krapule the Warrior, a journeyman MiFi of the Shining One (Spider:1)
  4 fire giants
  17 vault wardens
  2 iron dragons (Vaults:5)
  Maud (Lair:7)
  4 deep elf sorcerers
  5 ghost moths
  4 deep elf elementalists
  4 emperor scorpions
  The ghost of Ferkelamun the Spry, an adept SpEn of Dithmenos (Swamp:3)
  4 war gargoyles
  4 ironheart preservers
  9 stone giants
  4 very ugly things
  A vampire knight (Depths:2)
  9 spark wasps
  7 deep elf demonologists
  A white draconian (IceCv)
  The ghost of Heedrag the Destroyer, a journeyman DECj of Vehumet (Orc:2)
  Azrael (Spider:2)
  12 deep elf annihilators
  Snorg (Lair:7)
  6 ettins
  10 deep elf death magi
  3 fire dragons
  22 vault guards
  A death ooze (Slime:1)
  4 deep elf high priests
  A merfolk impaler (Depths:2)
  Josephine (Lair:5)
  2 jiangshi (Depths:1)
  2 crystal guardians (Depths:3)
  14 yaktaur captains
  11 hydras
  4 rakshasas
  7 entropy weavers
  8 great orbs of eyes
  8 ice dragons
  A ghost crab (Swamp:4)
  Erolcha (Depths:3)
  Harold (Lair:4)
  13 ogre magi
  A death knight (Vaults:1)
  Erica (Lair:2)
  3 catoblepae (Lair:8)
  6 centaur warriors
  The ghost of sarahorange the Thaumaturge, a journeyman HECj of Vehumet (Orc:2)
  3 deep troll shamans
  9 alligators
  6 tengu warriors
  18 death yaks
  A vampire mage (Depths:1)
  7 deep troll earth magi
  5 orc high priests (Orc:2)
  24 dancing weapons
  Nergalle (Lair:1)
  2 shadow wraiths
  7 spriggans
  A titan skeleton (Vaults:3)
  5 wizards
  25 skeletal warriors
  A death drake (shapeshifter) (Depths:2)
  2 iron trolls (Depths:2)
  2 storm dragon skeletons (Vaults:3)
  20 deep elf knights
  15 deep elf archers
  21 deep trolls
  An unseen horror (D:15)
  2 shambling mangroves
  A phantasmal warrior (Vaults:5)
  An unseen horror (shapeshifter) (Vaults:5)
  Pikel (D:6)
  A giant orange brain (Depths:3)
  5 hill giants
  9 harpies
  18 ironbrand convokers
  2 swamp dragons
  22 orb spiders
  16 orc knights
  4 griffons
  A tengu skeleton (Vaults:3)
  3 necromancers
  4 orc sorcerers
  23 ugly things
  A shadow dragon skeleton (Vaults:3)
  23 wolf spiders
  55 deep elf magi
  A salamander (shapeshifter) (Elf:3)
  2 manticores
  A sphinx skeleton (Vaults:3)
  11 hornets
  2 cyclopes (Vaults:2)
  8 elephants
  3 moths of wrath
  A fire giant skeleton (Vaults:3)
  6 black mambas
  A moth of wrath (shapeshifter) (Vaults:5)
  A frost giant skeleton (Vaults:3)
  A stone giant skeleton (Vaults:3)
  A guardian serpent (shapeshifter) (Vaults:2)
  A black mamba (shapeshifter) (Vaults:3)
  8 vault sentinels
  4 gargoyles
  13 spiny frogs
  3 torpor snails
  Psyche (D:9)
  3 kobold demonologists
  3 rime drakes
  3 komodo dragons
  A yaktaur zombie (Vaults:3)
  A spiny frog (shapeshifter) (Vaults:5)
  38 yaktaurs
  A redback zombie (D:15)
  7 freezing wraiths
  12 demonic crawlers
  39 jumping spiders
  4 tengu conjurers
  20 polar bears
  13 blink frogs
  5 bog bodies
  A merfolk (shapeshifter) (Vaults:5)
  5 trolls
  Grinder (D:6)
  4 giant leeches
  A raiju (shapeshifter) (Vaults:5)
  20 two-headed ogres
  53 slime creatures
  14 boulder beetles
  8 air elementals
  A centaur simulacrum (D:15)
  A shadow (Swamp:4)
  6 vampires
  72 yaks
  20 tarantellas
  5 wraiths (Lair:5)
  3 wyverns
  79 redbacks
  4 water elementals
  A fire elemental (Spider:2)
  2 hill giant zombies (WizLab)
  2 basilisks
  7 humans
  6 golden eyes (Slime:1)
  A hippogriff (shapeshifter) (Depths:2)
  A hog (Lair:7)
  3 swamp worm simulacra (Swamp:4)
  30 vampire mosquitoes
  2 hungry ghosts
  9 hippogriffs
  Menkaure (D:6)
  21 swamp worms
  6 wargs
  2 mottled dragons
  A soldier ant (shapeshifter) (Vaults:3)
  5 hell hounds
  15 water moccasins
  13 hydra simulacra (Swamp:4)
  A deep troll skeleton (Vaults:3)
  7 swamp drakes
  8 porcupines
  A slave (D:6)
  56 orc warriors
  5 sky beasts
  2 black bears
  3 eyes of draining
  7 ice beasts
  A necrophage (D:7)
  10 wasps
  5 phantoms
  52 ogres
  4 boggarts (Depths:1)
  6 human skeletons (Vaults:3)
  29 wolves
  19 centaurs
  17 crocodiles
  9 big kobolds
  Blork the orc (D:4)
  13 giant frogs
  3 earth elementals
  6 scorpions
  7 troll zombies (WizLab)
  3 killer bees (D:8)
  9 wights
  An electric eel (Lair:5)
  5 crimson imps
  A howler monkey (D:7)
  A centaur zombie (D:4)
  26 orc priests
  Crazy Yiuf (D:5)
  6 jellies
  4 centaur skeletons
  2 human zombies (Ossuary)
  5 hounds
  2 giant frog skeletons
  5 hell rats (Lair:6)
  11 iguanas
  39 orc wizards
  3 polar bear simulacra (Lair:7)
  5 worker ants
  2 yak simulacra (Lair:7)
  2 wolf simulacra (Lair:7)
  A killer bee zombie (D:7)
  27 sheep
  3 giant frog simulacra (D:9)
  7 ogre zombies (WizLab)
  3 mummies (Ossuary)
  A killer bee simulacrum (D:9)
  Robin (D:4)
  9 adders
  7 gnolls
  A howler monkey skeleton (D:4)
  105 river rats
  A hound simulacrum (D:9)
  7 shadow imps
  6 white imps
  5 swamp drake simulacra (Swamp:4)
  An ufetubus (D:9)
  3 oozes
  2 adder zombies (Ossuary)
  An adder skeleton (D:7)
  A worm (D:2)
  A dart slug (D:3)
  5 giant geckos
  115 orcs
  4 bats
  3 giant cockroaches
  18 goblins
  12 hobgoblins
  9 jackals
  7 quokkas
  3 ball pythons
  A giant gecko skeleton (D:6)
  2 giant gecko zombies
  5 giant newts
  A gnoll zombie (Ossuary)
  4 goblin zombies (Ossuary)
  3 hobgoblin zombies (Ossuary)
  A jackal simulacrum (D:9)
  36 kobolds
  A kobold zombie (Ossuary)
  An orc zombie (Ossuary)
  3 quokka zombies
  9 rats
  3 rat zombies
  4 river rat simulacra (Lair:7)
  2 fungi (Lair:8)
2144 creatures vanquished.

Vanquished Creatures (collateral kills)
  A tentacled monstrosity (Vaults:5)
  A titan (Depths:2)
  A sphinx (Vaults:5)
  A vault warden (Vaults:5)
  2 stone giants
  A vampire knight (Depths:1)
  A deep elf death mage (Vaults:5)
  A yaktaur captain (Vaults:5)
  A deep elf high priest (Vaults:5)
  An ice dragon (Depths:2)
  A deep troll earth mage (Depths:3)
  3 skeletal warriors (WizLab)
  A wolf spider (Spider:2)
  A freezing wraith (Vaults:5)
  A jumping spider (Spider:4)
  A hill giant zombie (WizLab)
  An air elemental (Depths:3)
  A redback (Spider:4)
  2 giant eyeballs (shapeshifter)
  An ogre (Vaults:5)
  A boggart (Depths:1)
  An earth elemental (Depths:3)
26 creatures vanquished.

Vanquished Creatures (others)
  An orb spider (Spider:2)
  A spiny frog (Lair:8)
  A yaktaur (Vaults:3)
  A redback (Spider:3)
  A water elemental (Depths:2)
  2 yaks (Lair:8)
  A human (Lair:7)
  A swamp drake (Swamp:4)
  A crocodile (Lair:7)
  A jelly (D:6)
  A river rat (Lair:8)
  3 jackals (D:6)
  8 fungi
  2 plants (Lair:7)
25 creatures vanquished.

Grand Total: 2195 creatures vanquished

Notes
Turn   | Place    | Note
--------------------------------------------------------------
     0 | D:1      | lorenzova the Spriggan Enchanter began the quest for the Orb.
     0 | D:1      | Reached XP level 1. HP: 9/9 MP: 5/5
   193 | D:1      | Reached XP level 2. HP: 3/13 MP: 4/6
   444 | D:1      | Learned a level 2 spell: Ensorcelled Hibernation
  1382 | D:2      | Reached XP level 3. HP: 16/16 MP: 5/8
  1393 | D:2      | Learned a level 3 spell: Confuse
  1419 | D:2      | Found a sacrificial altar of Ru.
  1478 | D:2      | Reached skill level 5 in Stealth
  1597 | D:2      | Reached XP level 4. HP: 21/21 MP: 10/10
  1969 | D:2      | You fall through a shaft for 2 floors!
  2015 | D:4      | Reached skill level 5 in Hexes
  2111 | D:3      | Noticed an ogre
  2125 | D:3      | Killed an ogre
  2125 | D:3      | Reached XP level 5. HP: 24/24 MP: 1/13
  2324 | D:2      | Reached skill level 5 in Spellcasting
  2532 | D:3      | Found a sparkling altar of Nemelex Xobeh.
  3030 | D:4      | Got a transparent pewter ring
  3212 | D:4      | Noticed Robin
  3238 | D:4      | Reached skill level 6 in Stealth
  3482 | D:4      | Killed Robin
  3709 | D:4      | Reached XP level 6. HP: 28/28 MP: 12/15
  4024 | D:4      | Noticed Blork the orc
  4038 | D:4      | Killed Blork the orc
  4108 | D:5      | Entered Level 5 of the Dungeon
  4176 | D:5      | Identified the ring of Kuleic {*Corrode +Fly rPois Int+4 Slay+6} (You found it on level 4 of the Dungeon)
  4187 | D:5      | Reached XP level 7. HP: 20/32 MP: 13/17
  4266 | D:5      | Found Jigg's Magic Scroll Shop.
  4286 | D:5      | Bought a scroll of enchant armour for 105 gold pieces
  4286 | D:5      | Bought a scroll of magic mapping for 49 gold pieces
  4313 | D:5      | Found a stormy altar of Qazlal.
  4315 | D:5      | Noticed a water elemental
  4315 | D:5      | Noticed an air elemental
  4316 | D:5      | Noticed a fire elemental
  4368 | D:5      | Reached skill level 7 in Stealth
  5383 | D:5      | Reached XP level 8. HP: 36/36 MP: 20/20
  5396 | D:5      | Noticed Crazy Yiuf
  5403 | D:5      | Killed Crazy Yiuf
  5538 | D:6      | Reached skill level 8 in Stealth
  5680 | D:6      | Found a sand-covered staircase.
  5726 | Ossuary  | Entered an ossuary
  6045 | D:6      | Noticed Pikel
  6205 | D:6      | Found a staircase to the Ecumenical Temple.
  6240 | D:6      | Killed Pikel
  6240 | D:6      | Reached skill level 5 in Dodging
  6240 | D:6      | Reached skill level 9 in Stealth
  6240 | D:6      | Reached XP level 9. HP: 24/39 MP: 16/22
  6296 | Temple   | Entered the Ecumenical Temple
  6329 | Temple   | Became a worshipper of Dithmenos the Shadowed
  6425 | D:6      | Noticed Grinder
  6447 | D:6      | Killed Grinder
  6447 | D:6      | Reached skill level 5 in Short Blades
  6583 | D:6      | Noticed Menkaure
  6596 | D:6      | Killed Menkaure
  6641 | D:6      | Reached skill level 10 in Stealth
  6713 | D:6      | Found a radiant altar of Vehumet.
  6726 | D:6      | Found a bloodstained altar of Trog.
  6738 | D:6      | Found a deep blue altar of Sif Muna.
  6741 | D:6      | Found a shimmering altar of Xom.
  6907 | D:6      | Got a colourful robe
  6918 | D:6      | Identified the cursed +1 robe of the Armadillo {+Fly MP+9 Int-3} (You found it on level 6 of the Dungeon)
  7231 | D:7      | Reached * piety under Dithmenos
  7487 | D:7      | Reached XP level 10. HP: 37/44 MP: 24/24
  7522 | D:7      | Reached skill level 10 in Hexes
  7595 | D:7      | Reached skill level 11 in Stealth
  8288 | D:8      | Reached ** piety under Dithmenos
  9009 | D:9      | Noticed Psyche
  9014 | D:9      | Killed Psyche
  9027 | D:9      | Noticed Gastronok
  9117 | D:9      | Reached skill level 12 in Stealth
  9459 | D:9      | Reached *** piety under Dithmenos
  9802 | D:9      | Killed Gastronok
  9802 | D:9      | Reached XP level 11. HP: 47/47 MP: 25/25
 10282 | D:9      | Reached skill level 10 in Dodging
 10282 | D:9      | Reached skill level 13 in Stealth
 10588 | D:10     | Entered Level 10 of the Dungeon
 10614 | D:10     | Noticed a hill giant
 10619 | D:10     | Noticed a hill giant
 10621 | D:10     | Killed a hill giant
 10647 | D:10     | Killed a hill giant
 10706 | D:10     | Reached skill level 10 in Short Blades
 11098 | D:10     | Found a glowing silver altar of Zin.
 11106 | D:10     | Noticed a hill giant
 11126 | D:10     | Killed a hill giant
 11663 | D:11     | Noticed a cyan ugly thing
 11665 | D:11     | Found a staircase to the Lair.
 11667 | D:11     | Killed a cyan ugly thing
 11894 | Lair:1   | Entered Level 1 of the Lair of Beasts
 11899 | Lair:1   | Reached **** piety under Dithmenos
 12090 | Lair:1   | Noticed Nergalle
 12095 | Lair:1   | Killed Nergalle
 12095 | Lair:1   | Reached skill level 14 in Stealth
 12798 | Lair:2   | Noticed Erica
 12801 | Lair:2   | Killed Erica
 12827 | Lair:2   | Reached XP level 12. HP: 51/51 MP: 26/26
 13173 | Lair:2   | Noticed a six-headed hydra
 13179 | Lair:2   | Killed a six-headed hydra
 13482 | Lair:3   | Reached skill level 1 in Evocations
 13562 | Lair:3   | Reached skill level 1 in Invocations
 13585 | Lair:3   | Reached ***** piety under Dithmenos
 13655 | Lair:3   | Found a hole to the Spider Nest.
 14616 | Lair:4   | Found a frozen archway.
 14624 | IceCv    | Entered an ice cave
 14689 | IceCv    | Reached skill level 15 in Stealth
 15536 | IceCv    | Reached skill level 5 in Evocations
 15672 | IceCv    | Noticed a white draconian
 15672 | IceCv    | Noticed a death yak
 15674 | IceCv    | Killed a death yak
 15674 | IceCv    | Reached XP level 13. HP: 55/55 MP: 27/27
 16104 | IceCv    | Killed a white draconian
 16114 | IceCv    | Identified the Volume of Curses and Flames
 16312 | Lair:4   | Found a white marble altar of Elyvilon.
 16845 | Lair:4   | Noticed Harold
 16852 | Lair:4   | Killed Harold
 17295 | Lair:5   | Reached skill level 16 in Stealth
 17324 | Lair:5   | Noticed Josephine
 17345 | Lair:5   | Killed Josephine
 17625 | Lair:5   | Reached skill level 5 in Invocations
 18109 | Lair:5   | Found a staircase to the Swamp.
 19186 | Lair:6   | Found an ancient bone altar of Kikubaaqudgha.
 19520 | Lair:7   | Noticed Kirke
 19529 | Lair:7   | Killed Kirke
 19531 | Lair:7   | Noticed Maud
 19536 | Lair:7   | Killed Maud
 19536 | Lair:7   | Reached XP level 14. HP: 55/59 MP: 23/28
 19665 | Lair:7   | Reached skill level 17 in Stealth
 20129 | Lair:1   | Learned a level 3 spell: Mephitic Cloud
 20270 | D:5      | Bought a scroll of acquirement for 728 gold pieces
 20302 | D:5      | Bought a scroll of enchant weapon for 105 gold pieces
 21028 | D:12     | Reached skill level 1 in Air Magic
 21036 | D:12     | Reached skill level 1 in Poison Magic
 21045 | D:12     | Reached ****** piety under Dithmenos
 21057 | D:12     | Reached skill level 1 in Conjurations
 21115 | D:12     | Found a staircase to the Orcish Mines.
 21406 | Orc:1    | Entered Level 1 of the Orcish Mines
 21782 | Orc:2    | Entered Level 2 of the Orcish Mines
 21799 | Orc:2    | Found a staircase to the Elven Halls.
 22166 | Orc:2    | Noticed Heedrag's ghost (journeyman DECj)
 23226 | Orc:2    | Killed Heedrag's ghost
 23308 | Orc:2    | Noticed sarahorange's ghost (journeyman HECj)
 23332 | Orc:2    | Killed sarahorange's ghost
 23982 | Orc:2    | Found Piut Judgh's Antique Weapon Boutique.
 23982 | Orc:2    | Found Rucunyu's General Store.
 23984 | Orc:2    | Found Barras's Antique Armour Boutique.
 23984 | Orc:2    | Found Alory's Gadget Shop.
 23991 | Orc:2    | Bought a fine short sword for 296 gold pieces
 23992 | Orc:2    | Bought a twisted cloak for 218 gold pieces
 24098 | Orc:2    | Identified the +7 short sword "Ifuockaf" {flame, rN+ Str+7 Dex-5} (You bought it in a shop on level 2 of the Orcish Mines)
 24111 | Orc:2    | Identified the cursed +0 cloak of Temperance {*Contam rElec MR++ SInv} (You bought it in a shop on level 2 of the Orcish Mines)
 25026 | D:13     | Found a white marble altar of Elyvilon.
 25413 | D:14     | Reached skill level 15 in Dodging
 25629 | Lair:5   | Reached skill level 5 in Poison Magic
 25651 | Swamp:1  | Entered Level 1 of the Swamp
 25670 | Swamp:1  | Reached XP level 15. HP: 57/63 MP: 13/29
 26512 | Swamp:1  | Reached skill level 5 in Air Magic
 27624 | Swamp:3  | Reached skill level 18 in Stealth
 27659 | Swamp:3  | Reached skill level 15 in Short Blades
 27783 | Swamp:3  | Noticed Ferkelamun's ghost (adept SpEn)
 27927 | Swamp:3  | Killed Ferkelamun's ghost
 28113 | Swamp:3  | Reached skill level 5 in Conjurations
 28241 | Swamp:3  | Noticed a thorn hunter
 28252 | Swamp:3  | Killed a thorn hunter
 28660 | Swamp:4  | Entered Level 4 of the Swamp
 29226 | Swamp:4  | Noticed a thorn hunter
 29233 | Swamp:4  | Killed a thorn hunter
 29256 | Swamp:4  | Noticed a thorn hunter
 29336 | Swamp:4  | Killed a thorn hunter
 29337 | Swamp:4  | Noticed a thorn hunter
 29359 | Swamp:4  | Killed a thorn hunter
 30248 | Swamp:4  | Reached XP level 16. HP: 61/67 MP: 3/30
 30426 | Swamp:4  | Got a decaying rune of Zot
 30804 | Spider:1 | Entered Level 1 of the Spider Nest
 31037 | Spider:1 | Noticed Krapule's ghost (journeyman MiFi)
 31092 | Spider:1 | Got an encrusted rapier
 31471 | Spider:1 | Identified the +8 rapier "Giantslayer" {flame, MR+ Int+3 Dex+4} (You found it on level 1 of the Spider Nest)
 31544 | Spider:1 | Killed Krapule's ghost
 31887 | Spider:2 | Noticed Azrael
 31942 | Spider:2 | Killed Azrael
 32098 | Spider:2 | Noticed Agnes
 32123 | Spider:1 | Killed Agnes
 35409 | Spider:4 | Entered Level 4 of the Spider Nest
 35528 | Spider:4 | Learned a level 6 spell: Invisibility
 35563 | Spider:4 | Reached skill level 19 in Stealth
 35865 | Spider:4 | Reached XP level 17. HP: 49/70 MP: 16/31
 37017 | Spider:4 | Got a gossamer rune of Zot
 37382 | Spider:4 | Reached skill level 10 in Poison Magic
 37747 | Elf:1    | Entered Level 1 of the Elven Halls
 37869 | Elf:1    | Found a magical portal.
 37883 | WizLab   | Entered Zonguldrok's Shrine
 38315 | WizLab   | Reached skill level 10 in Spellcasting
 38341 | WizLab   | Noticed an antique lich
 39877 | Elf:2    | Reached XP level 18. HP: 65/74 MP: 28/34
 39918 | Elf:2    | Found Togaempa's Armour Shop.
 40090 | Elf:2    | Found a runed gate.
 40090 | Elf:2    | Found a runed gate.
 40091 | Elf:2    | Found a runed gate.
 41083 | Elf:3    | Entered Level 3 of the Elven Halls
 42071 | Elf:2    | Learned a level 2 spell: Repel Missiles
 42159 | Elf:3    | Reached skill level 20 in Stealth
 43104 | Elf:3    | Got a flickering steel ring
 43658 | Elf:3    | Noticed an Ice Fiend
 44385 | Elf:3    | Noticed a Hell Sentinel
 44389 | Elf:3    | Reached XP level 19. HP: 78/78 MP: 37/37
 44406 | Elf:3    | Identified the ring of the Imp {Wiz *Confuse rC++ rN++} (You took it off a deep elf death mage on level 3 of the Elven Halls)
 44408 | Elf:3    | Gained mutation: You possess an exceptional clarity of mind. [potion of beneficial mutation]
 44472 | Elf:3    | Identified the Grimoire of Malediction
 44507 | Elf:3    | Got a twitching tin ring
 44860 | Lair:1   | Identified the ring of Xiuhuokk {rC+ rN+ Str+3} (You found it on level 3 of the Elven Halls)
 45022 | D:5      | Bought a scroll of recharging for 133 gold pieces
 45022 | D:5      | Bought a scroll of teleportation for 42 gold pieces
 45022 | D:5      | Bought a scroll of identify for 28 gold pieces
 45022 | D:5      | Bought a scroll of identify for 28 gold pieces
 45174 | Lair:1   | Learned a level 1 spell: Animate Skeleton
 45178 | Lair:1   | Learned a level 3 spell: Teleport Other
 45264 | D:14     | Identified Sozodyat's Volume of Sand
 45275 | D:14     | Identified the Almanac of Combed Thunderclap
 45327 | D:14     | Identified the Grimoire of Dhcmrlchtdj
 45409 | D:14     | Reached skill level 1 in Necromancy
 45658 | D:14     | Reached skill level 1 in Translocations
 46161 | D:14     | Found a gate to the Vaults.
 46570 | D:15     | Entered Level 15 of the Dungeon
 46571 | D:15     | Found a sparkling altar of Nemelex Xobeh.
 46745 | D:15     | Found a staircase to the Depths.
 46780 | D:15     | Found a glowing silver altar of Zin.
 46886 | D:15     | Reached skill level 5 in Translocations
 47184 | D:15     | Found an oddly glowing altar of Pakellas.
 47361 | Depths:1 | Entered Level 1 of the Depths
 47471 | Vaults:1 | Entered Level 1 of the Vaults
 47675 | Lair:7   | Noticed Snorg
 47682 | Lair:7   | Killed Snorg
 48287 | Lair:8   | Entered Level 8 of the Lair of Beasts
 48317 | Lair:8   | Reached skill level 21 in Stealth
 48387 | Lair:8   | Noticed Rupert
 48395 | Lair:8   | Killed Rupert
 48433 | Lair:8   | Found a staircase to the Slime Pits.
 48448 | Lair:8   | Reached skill level 5 in Necromancy
 49644 | Slime:1  | Entered Level 1 of the Pits of Slime
 50050 | Lair:1   | Learned a level 2 spell: Blink
 50054 | Lair:1   | Learned a level 3 spell: Gell's Gravitas
 50418 | Vaults:1 | Reached XP level 20. HP: 82/82 MP: 38/38
 50508 | Vaults:1 | Found Doeteokh's Weapon Boutique.
 52122 | Lair:1   | Learned a level 8 spell: Necromutation
 52225 | Vaults:2 | Reached skill level 1 in Transmutations
 52997 | Vaults:3 | Noticed Jory
 53003 | Vaults:3 | Killed Jory
 53563 | Vaults:3 | Reached skill level 5 in Transmutations
 53769 | Vaults:3 | Reached skill level 22 in Stealth
 54094 | Vaults:3 | Found a staircase to the Crypt.
 54759 | Vaults:4 | Reached XP level 21. HP: 81/86 MP: 35/39
 55299 | Vaults:4 | Noticed Sojobo
 56340 | Vaults:4 | Reached skill level 10 in Transmutations
 56610 | Vaults:5 | Entered Level 5 of the Vaults
 56610 | Vaults:5 | Noticed a golden dragon
 57473 | Vaults:5 | Reached skill level 10 in Necromancy
 58013 | Vaults:5 | Reached skill level 23 in Stealth
 58993 | Vaults:5 | Reached XP level 22. HP: 83/90 MP: 33/40
 59798 | Vaults:5 | Found Anaask's Assorted Antiques.
 59819 | Vaults:5 | Bought a potion of haste for 410 gold pieces
 59856 | Vaults:5 | Noticed a golden dragon
 59893 | Vaults:5 | Killed a golden dragon
 60791 | Vaults:5 | Identified the Papyrus of Heat and the Traveller
 60804 | Vaults:5 | Got a silver rune of Zot
 61014 | Vaults:5 | Got a shadowed robe
 61015 | Vaults:5 | Identified the +1 robe "Ricachiuq" {rC+ Str+3} (You took it off a deep elf death mage on level 5 of the Vaults)
 61239 | Lair:1   | Learned a level 4 spell: Summon Lightning Spire
 61245 | Lair:1   | Learned a level 5 spell: Summon Mana Viper
 61578 | Depths:1 | Reached skill level 1 in Summonings
 61707 | Depths:1 | Found a gateway to Hell.
 61728 | Depths:1 | Reached skill level 15 in Spellcasting
 61888 | Depths:1 | Found a gateway to a ziggurat.
 62322 | Depths:1 | Found a one-way gate leading to the halls of Pandemonium.
 62616 | Depths:2 | Found Haoshe's Antique Weapon Shop.
 62813 | Depths:2 | Found a runed door.
 63729 | Depths:2 | Found a runed door.
 63823 | Depths:3 | Found a one-way gate to the infinite horrors of the Abyss.
 63937 | Depths:3 | Reached skill level 5 in Summonings
 64159 | Depths:3 | Noticed Erolcha
 64175 | Depths:3 | Killed Erolcha
 64303 | Depths:3 | Noticed Boris
 64307 | Depths:3 | Killed Boris
 64307 | Depths:3 | Reached XP level 23. HP: 84/93 MP: 39/44
 64416 | Depths:3 | Noticed an ancient lich
 65355 | Depths:2 | HP: 3/93 [deep troll earth mage/blast of crystal shards (25)]
 65356 | Depths:2 | Killed from afar by a deep troll earth mage

Skill      XL: |  1  2  3  4  5  6  7  8  9 10 11 12 13 14 15 16 17 18 19 20 21 22 |
---------------+-------------------------------------------------------------------+-----
Hexes          | 4 5 6 8 9 10 11 14 | 14.5
Spellcasting   | 3 4 5 6 7 8 9 11 13 16 | 16.6
Stealth        | 5 6 7 9 10 12 14 15 16 17 18 19 20 21 22 23 | 23.5
Short Blades   | 4 5 9 11 13 14 15 16 | 16.7
Dodging        | 5 7 9 11 12 14 15 16 18 19 20 21 | 21.3
Evocations     | 5 7 8 |  8.2
Invocations    | 4 6 |  6.2
Air Magic      | 4 7 9 |  9.8
Poison Magic   | 5 7 9 10 | 10.1
Conjurations   | 3 5 7 8 |  8.3
Necromancy     | 6 8 11 | 11.9
Translocations | 9 |  9.0
Transmutations | 8 12 13 | 13.8
Summonings     | 6 |  6.6

Action                   |  1- 3 |  4- 6 |  7- 9 | 10-12 | 13-15 | 16-18 | 19-21 | 22-24 || total
-------------------------+-------+-------+-------+-------+-------+-------+-------+-------++-------
Melee: Dagger            |    67 |       |   269 |   815 |   387 |       |       |       ||  1538
       Short sword       |    37 |   135 |    74 |       |       |       |       |       ||   246
       Quick blade       |       |       |       |       |  1345 |  2226 |  2033 |   827 ||  6431
 Cast: Corona            |     4 |       |       |       |       |       |       |       ||     4
       Ensorcelled Hiber |     5 |     5 |    11 |    76 |    40 |     1 |       |       ||   138
       Confuse           |       |    10 |    52 |    57 |   196 |   164 |    95 |    69 ||   643
       Mephitic Cloud    |       |       |       |       |    30 |     4 |    18 |     5 ||    57
       Invisibility      |       |       |       |       |       |     6 |    15 |     3 ||    24
       Repel Missiles    |       |       |       |       |       |     1 |     3 |     1 ||     5
       Teleport Other    |       |       |       |       |       |       |     4 |       ||     4
       Animate Skeleton  |       |       |       |       |       |       |    17 |    49 ||    66
       Blink             |       |       |       |       |       |       |     5 |     1 ||     6
       Gell's Gravitas   |       |       |       |       |       |       |     4 |       ||     4
       Summon Lightning  |       |       |       |       |       |       |       |     1 ||     1
Invok: Shadow Step       |       |       |       |     1 |     2 |     2 |     2 |       ||     7
 Abil: Evoke Flight      |       |       |       |       |     7 |     1 |     3 |     4 ||    15
Evoke: Wand              |       |       |       |       |     1 |       |       |       ||     1
  Use: Scroll            |     1 |     5 |     3 |    10 |    17 |     6 |    13 |     7 ||    62
       Potion            |       |       |       |       |     5 |    10 |     1 |     3 ||    19
 Stab: Sleeping          |    14 |    20 |    28 |   128 |   158 |   110 |   225 |    25 ||   708
       Distracted        |     2 |       |     1 |     6 |    15 |    16 |    35 |    17 ||    92
       Confused          |       |     6 |    24 |    38 |   109 |    90 |    62 |    38 ||   367
       Held in net/web   |       |       |       |       |       |     3 |       |       ||     3
       Invisible         |       |       |       |       |       |    23 |    65 |     9 ||    97
       Petrifying        |       |       |       |       |       |       |     1 |       ||     1
  Eat: Fruit             |       |     5 |       |       |     4 |     9 |    10 |       ||    28
       Pizza             |       |       |       |     2 |    10 |     1 |       |       ||    13
       Bread ration      |       |       |       |     1 |       |     1 |     3 |     1 ||     6
       Royal jelly       |       |       |       |       |       |     1 |       |       ||     1
Armor: Robe              |     6 |    18 |    33 |    42 |    50 |    45 |    30 |    17 ||   241
Dodge: Dodged            |    72 |    95 |   196 |   655 |   957 |  1084 |   765 |   372 ||  4196
       Deflected         |       |       |       |       |       |     1 |     9 |     7 ||    17
Block: Buckler           |       |       |       |       |    42 |   357 |   308 |   167 ||   874
       Reflection        |       |       |       |       |       |       |     5 |     9 ||    14
